[ AOE2 MATCH · #481572813 ]
1v1 RMBurgundians vs Vietnamese
Player's team · LOSS
Rival team · WIN
[ REPLAY ANALYSIS · EXTRACTED FROM THE RECORDED GAME ]
Feudal
11:57
Castle
15:54
Imperial
—
| APM avg | 22.5 |
| APM peak | 56 |
| eAPM avg | 10.0 |
| Villagers / military | 46 / 9 |
Focus
⚔️ 15.8% · 🌾 84.2%
Militia ×7 · Knight ×2
Feudal
10:55
Castle
14:32
Imperial
—
| APM avg | 36.8 |
| APM peak | 67 |
| eAPM avg | 19.7 |
| Villagers / military | 61 / 62 |
Focus
⚔️ 35.1% · 🌾 64.9%
Fire Lancer ×58 · Battering Ram ×4
Match map
Initial resources + every placement click. Lines = walls · curves = elevation contours. ◆ gold · ⬟ stone · ● berries · ✦ relic · ◌ wall gap
Your base· ✓ Closed at 15:54 · 0t walls · 3 gate(s)
tOPi's base· ✓ Closed at 14:32 · 0t walls · 3 gate(s)
Smoothed initial terrain · ◌ = detected wall gap · hover for details
Inputs per minute
— CryAndDie - - tOPi
Build order — CryAndDie
102 actions detected in the replay
| 0:01 | Create | Villager (Male) |
| 0:01 | Create | Villager (Male) |
| 0:02 | Create | Villager (Male) |
| 0:02 | Create | Villager (Male) |
| 0:03 | Build | House |
| 0:06 | Build | House |
| 1:25 | Create | Villager (Male) |
| 1:48 | Build | Lumber Camp |
| 1:51 | Create | Villager (Male) |
| 2:34 | Create | Villager (Male) |
| 2:54 | Create | Villager (Male) |
| 3:31 | Create | Villager (Male) |
| 3:52 | Create | Villager (Male) |
| 4:00 | Build | House |
| 4:02 | Build | House |
| 4:18 | Create | Villager (Male) |
| 4:28 | Build | Mill |
| 4:45 | Create | Villager (Male) |
| 4:45 | Create | Villager (Male) |
| 4:53 | Build | House |
| 5:37 | Create | Villager (Male) |
| 5:38 | Create | Villager (Male) |
| 5:55 | Build | Farm |
| 6:03 | Research | Double-Bit Axe |
| 6:08 | Create | Villager (Male) |
| 6:32 | Build | Farm |
| 6:39 | Create | Villager (Male) |
| 7:14 | Create | Villager (Male) |
| 7:14 | Create | Villager (Male) |
| 7:40 | Create | Villager (Male) |
| 7:41 | Create | Villager (Male) |
| 8:31 | Create | Villager (Male) |
| 8:31 | Create | Villager (Male) |
| 9:08 | Build | Mining Camp |
| 9:27 | Research | Feudal Age |
| 9:58 | Build | Barracks |
| 10:01 | Build | House |
| 10:10 | Create | Villager (Male) |
| 10:11 | Create | Villager (Male) |
| 10:11 | Create | Villager (Male) |
| 11:57 | Age | Feudal Age |
| 12:00 | Build | Archery Range |
| 12:06 | Build | Blacksmith |
| 12:18 | Research | Horse Collar |
| 13:14 | Research | Castle Age |
| 13:33 | Research | Heavy Plow |
| 14:20 | Research | Bow Saw |
| 14:30 | Build | Farm |
| 14:33 | Build | Farm |
| 14:35 | Build | Farm |
| 14:38 | Build | Farm |
| 14:47 | Research | Stone Mining |
| 14:52 | Build | Farm |
| 15:00 | Build | Farm |
| 15:20 | Build | Farm |
| 15:24 | Research | Wheelbarrow |
| 15:54 | Age | Castle Age |
| 15:56 | Build | Town Center |
| 16:03 | Build | Town Center |
| 16:14 | Build | Farm |
| 16:15 | Build | Farm |
| 16:21 | Build | Farm |
| 16:30 | Research | Town Watch |
| 16:45 | Create | Villager (Male) |
| 16:45 | Create | Villager (Male) |
| 16:46 | Create | Villager (Male) |
| 16:51 | Create | Militia |
| 16:57 | Create | Villager (Male) |
| 17:07 | Build | Farm |
| 17:12 | Create | Villager (Male) |
| 17:20 | Build | Farm |
| 17:38 | Create | Villager (Male) |
| 17:38 | Create | Villager (Male) |
| 18:02 | Build | Stable |
| 18:02 | Create | Villager (Male) |
| 18:03 | Create | Villager (Male) |
| 18:03 | Create | Villager (Male) |
| 18:12 | Create | Villager (Male) |
| 18:23 | Create | Villager (Male) |
| 18:24 | Create | Villager (Male) |
| 18:30 | Build | Farm |
| 18:32 | Build | Farm |
| 18:41 | Research | Gold Mining |
| 18:54 | Create | Villager (Male) |
| 18:57 | Create | Villager (Male) |
| 19:12 | Create | Knight |
| 19:24 | Create | Villager (Male) |
| 19:28 | Build | Farm |
| 19:35 | Create | Knight |
| 19:39 | Create | Militia |
| 19:39 | Create | Militia |
| 19:57 | Create | Villager (Male) |
| 20:11 | Create | Villager (Male) |
| 20:12 | Create | Villager (Male) |
| 20:12 | Create | Villager (Male) |
| 20:15 | Build | House |
| 20:16 | Build | House |
| 20:16 | Build | House |
| 20:57 | Create | Militia |
| 20:57 | Create | Militia |
| 21:09 | Create | Militia |
| 21:10 | Create | Militia |
Build order — tOPi
First 150 of 153 actions detected
| 0:00 | Create | Villager (Male) |
| 0:00 | Create | Villager (Male) |
| 0:01 | Create | Villager (Male) |
| 0:01 | Create | Villager (Male) |
| 0:01 | Create | Villager (Male) |
| 0:03 | Build | House |
| 0:04 | Build | House |
| 1:24 | Create | Villager (Male) |
| 1:25 | Create | Villager (Male) |
| 1:50 | Create | Villager (Male) |
| 1:50 | Create | Villager (Male) |
| 2:06 | Build | Lumber Camp |
| 2:27 | Create | Villager (Male) |
| 2:27 | Create | Villager (Male) |
| 2:35 | Create | Villager (Male) |
| 2:35 | Create | Villager (Male) |
| 3:07 | Create | Villager (Male) |
| 3:07 | Create | Villager (Male) |
| 3:41 | Create | Villager (Male) |
| 3:41 | Create | Villager (Male) |
| 3:43 | Build | House |
| 4:00 | Create | Villager (Male) |
| 4:01 | Create | Villager (Male) |
| 4:07 | Create | Villager (Male) |
| 4:08 | Create | Villager (Male) |
| 4:23 | Build | Mill |
| 4:41 | Create | Villager (Male) |
| 4:41 | Create | Villager (Male) |
| 5:12 | Create | Villager (Male) |
| 5:12 | Create | Villager (Male) |
| 5:27 | Create | Villager (Male) |
| 5:53 | Build | House |
| 5:56 | Create | Villager (Male) |
| 5:56 | Create | Villager (Male) |
| 6:16 | Create | Villager (Male) |
| 6:16 | Create | Villager (Male) |
| 6:16 | Create | Villager (Male) |
| 6:17 | Create | Villager (Male) |
| 6:17 | Create | Villager (Male) |
| 6:18 | Create | Villager (Male) |
| 6:45 | Build | Farm |
| 6:45 | Build | Farm |
| 7:09 | Create | Villager (Male) |
| 7:13 | Build | Farm |
| 7:35 | Create | Villager (Male) |
| 7:48 | Build | Mining Camp |
| 8:42 | Research | Feudal Age |
| 8:42 | Research | Feudal Age |
| 8:48 | Build | Farm |
| 8:50 | Build | Farm |
| 9:39 | Build | House |
| 9:56 | Create | Villager (Male) |
| 9:57 | Create | Villager (Male) |
| 10:55 | Age | Feudal Age |
| 11:01 | Build | Market |
| 11:05 | Build | Blacksmith |
| 11:13 | Research | Double-Bit Axe |
| 11:52 | Research | Castle Age |
| 11:52 | Research | Castle Age |
| 12:08 | Research | Horse Collar |
| 12:31 | Research | Gold Mining |
| 12:31 | Research | Gold Mining |
| 12:36 | Build | Barracks |
| 13:02 | Research | Scale Mail Armor |
| 13:14 | Research | Forging |
| 13:14 | Research | Forging |
| 13:27 | Build | House |
| 13:39 | Research | Scale Mail Armor |
| 13:40 | Research | Scale Mail Armor |
| 13:40 | Research | Scale Mail Armor |
| 14:15 | Build | House |
| 14:18 | Create | Villager (Male) |
| 14:18 | Create | Villager (Male) |
| 14:32 | Age | Castle Age |
| 14:37 | Create | Fire Lancer ×5 |
| 14:37 | Create | Fire Lancer ×5 |
| 14:37 | Create | Fire Lancer |
| 14:51 | Research | Bow Saw |
| 14:52 | Research | Bow Saw |
| 15:16 | Create | Villager (Male) |
| 15:24 | Build | Siege Workshop |
| 15:42 | Build | House |
| 15:43 | Create | Villager (Male) |
| 15:52 | Build | Farm |
| 15:53 | Build | Farm |
| 16:04 | Create | Villager (Male) |
| 16:11 | Research | Squires |
| 16:15 | Research | Arson |
| 16:19 | Create | Battering Ram ×2 |
| 16:20 | Create | Battering Ram ×2 |
| 16:24 | Build | House |
| 16:32 | Create | Villager (Male) |
| 16:45 | Build | Barracks |
| 16:50 | Create | Fire Lancer |
| 16:50 | Create | Fire Lancer |
| 17:03 | Create | Fire Lancer ×2 |
| 17:03 | Create | Fire Lancer ×2 |
| 17:04 | Create | Villager (Male) |
| 17:05 | Create | Villager (Male) |
| 17:17 | Build | Farm |
| 17:17 | Build | Farm |
| 17:28 | Create | Fire Lancer |
| 17:28 | Create | Fire Lancer |
| 17:35 | Build | House |
| 17:40 | Create | Fire Lancer |
| 17:40 | Create | Fire Lancer |
| 17:51 | Create | Villager (Male) |
| 17:51 | Create | Villager (Male) |
| 17:59 | Build | House |
| 17:59 | Build | House |
| 18:08 | Create | Fire Lancer |
| 18:08 | Create | Fire Lancer |
| 18:09 | Create | Fire Lancer |
| 18:09 | Create | Fire Lancer |
| 18:09 | Create | Fire Lancer |
| 18:16 | Create | Villager (Male) |
| 18:17 | Create | Villager (Male) |
| 18:17 | Create | Villager (Male) |
| 18:26 | Build | Farm |
| 18:34 | Create | Fire Lancer |
| 18:34 | Create | Fire Lancer |
| 18:58 | Create | Fire Lancer ×2 |
| 18:58 | Create | Fire Lancer ×2 |
| 18:59 | Create | Fire Lancer ×2 |
| 19:12 | Create | Villager (Male) |
| 19:12 | Create | Villager (Male) |
| 19:12 | Create | Villager (Male) |
| 19:13 | Build | Farm |
| 19:18 | Build | House |
| 19:25 | Create | Fire Lancer |
| 19:26 | Create | Fire Lancer |
| 19:26 | Create | Fire Lancer |
| 19:26 | Create | Fire Lancer |
| 19:39 | Research | Chain Mail Armor |
| 19:39 | Research | Chain Mail Armor |
| 19:49 | Create | Fire Lancer ×2 |
| 19:50 | Create | Fire Lancer ×2 |
| 19:50 | Create | Fire Lancer |
| 20:07 | Create | Villager (Male) |
| 20:08 | Create | Villager (Male) |
| 20:08 | Create | Villager (Male) |
| 20:10 | Build | Farm |
| 20:23 | Create | Fire Lancer ×3 |
| 20:23 | Create | Fire Lancer ×3 |
| 20:26 | Create | Villager (Male) |
| 20:26 | Create | Villager (Male) |
| 20:51 | Create | Fire Lancer ×3 |
| 20:51 | Create | Fire Lancer ×3 |
| 20:51 | Create | Fire Lancer ×3 |
| 20:55 | Create | Villager (Male) |
Match timeline
| 9:58 | CryAndDie · first_building Barracks |
| 10:55 | tOPi · age_up feudal |
| 11:57 | CryAndDie · age_up feudal |
| 12:00 | CryAndDie · first_building Archery Range |
| 12:36 | tOPi · first_building Barracks |
| 14:32 | tOPi · age_up castle |
| 15:13 | tOPi · first_market_sell 500 stone |
| 15:14 | tOPi · first_market_buy 100 food |
| 15:24 | tOPi · first_building Siege Workshop |
| 15:54 | CryAndDie · age_up castle |
| 18:02 | CryAndDie · first_building Stable |
| 21:25 | CryAndDie · resign |
[ AI ANALYSIS · 1 CREDIT ]
What really happened in this match?
Wolo.gg analyzes every decision: build order, eco, micro, common mistakes by bracket. Personalized analysis on WhatsApp or Discord in 30 seconds.
Civ guide
Burgundians
Map guide
Arena
Perfil
CryAndDie